 Dungeon Crawl Stone Soup version 0.26.1-11-gd32895ea62 (webtiles) character file.

Game seed: 10408823304244770770

714 MummyDearest the Cleaver (level 7, -5/63 HPs)
             Began as a Hill Orc Berserker on May 11, 2021.
             Was a Priest of Trog.
             Slain by a lemure (7 damage)
             ... led by Pikel
             ... on level 5 of the Dungeon.
             The game lasted 00:42:09 (7672 turns).

MummyDearest the Cleaver (Hill Orc Berserker)       Turns: 7672, Time: 00:42:10

Health: -5/63      AC: 10    Str: 21 (22) XL:     7   Next: 69%
Magic:  6/6        EV:  8    Int:  7      God:    Trog [***...]
Gold:   340        SH:  0    Dex:  8 (10) Spells: 6/6 levels left

rFire    . . .     SeeInvis .   a - +0 hand axe
rCold    . . .     Faith    .   (no shield)
rNeg     . . .     Spirit   .   s - +0 chain mail
rPois    .         Reflect  .   (no helmet)
rElec    .         Harm     .   (no cloak)
rCorr    .         Rampage  .   (no gloves)
Will     .....                  (no boots)
Stlth    ..........             E - amulet of regeneration
HPRegen  0.60/turn              (no ring)
MPRegen  0.10/turn              (no ring)

@: no status effects
A: low mp 1, shaggy fur 1
a: Renounce Religion, Berserk, Trog's Hand


You were on level 5 of the Dungeon.
You worshipped Trog.
Trog was most pleased with you.
You visited 1 branch of the dungeon, and saw 6 of its levels.

You collected 340 gold pieces.

Inventory:

Hand Weapons
 a - a +0 hand axe (weapon)
 d - a +2 dagger of venom
 e - a +1 short sword of venom
 j - a +0 halberd
 D - a +1 flail of draining
Missiles
 m - 29 poisoned darts (quivered)
Armour
 s - a +0 chain mail (worn)
 C - a +0 chain mail
Jewellery
 p - an uncursed ring of flight {unknown}
 E - an amulet of regeneration (around neck)
Wands
 t - a wand of random effects (11)
Scrolls
 c - 2 scrolls of teleportation
 g - 2 scrolls of immolation
 h - 3 scrolls of remove curse
 n - a scroll of random uselessness {unknown}
 o - a scroll of blinking
 r - a scroll of enchant weapon {unknown}
 u - a scroll of identify
 y - a scroll of noise {unknown}
 F - a scroll of magic mapping {unknown}


   Skills:
 + Level 6.2 Fighting
 + Level 8.0 Axes
 + Level 4.3 Armour
 + Level 2.2 Dodging
 + Level 1.6 Stealth


You had 6 spell levels left.
You didn't know any spells.
Your spell library was empty.

Dungeon Overview and Level Annotations

Branches:
Dungeon (6/15)             Temple (0/1) D:4

Altars:
Cheibriados
Gozag
Kikubaaqudgha
Okawaru
Qazlal
Ru
Wu Jian
Zin

Annotations:
D:5 Pikel
D:6 Blork the orc


Innate Abilities, Weirdness & Mutations

Your magical capacity is low. (-10% MP)
You are covered in fur. (AC +1)


Message History

The ball python hisses angrily.
You hear a bark!
The ice beast barely misses you. The lemure hits you but does no damage.
Pikel hits you with a +2 whip of flaming.
Pikel burns you.
* * * LOW HITPOINT WARNING * * *
The lemure hits you.
* * * LOW HITPOINT WARNING * * *
You climb upwards.
There is a stone staircase leading down here.
The ice beast hits you.
* * * LOW HITPOINT WARNING * * *
The ice beast freezes you.
* * * LOW HITPOINT WARNING * * *
The lemure closely misses you.
Pikel hits you with a +2 whip of flaming.
* * * LOW HITPOINT WARNING * * *
Pikel burns you.
* * * LOW HITPOINT WARNING * * *
The lemure hits you!
You die...

...........# #.####
..########.######...>#
.## #.............#
..# #.#.########..#
#.# ###.#.########..#
#.# #............#..#
#.# #.#.#....###.#..#
#.# #.#.####.###Y#..#
#.# #.#.# #.#5@K(..#
#.# #.#.####.#5###..#
#.# #.#........# #.(#
#.# #........#.###.##
#.####.#####.##.....#
#..........#.####)###
######.##.[..####.#
#....#.......#
#####.#.#.....####


You could see Pikel, an ice beast and 2 lemures.

Vanquished Creatures
  A centaur (D:5)
  A scorpion (D:4)
  A centaur zombie (D:5)
  A jelly (D:5)
  3 orc priests
  A centaur skeleton (D:4)
  3 orc wizards
  A bullfrog skeleton (D:5)
  An iguana (D:5)
  2 worker ants
  4 gnolls (D:2)
  8 adders
  3 oozes
  An adder skeleton (D:6)
  A worm (D:2)
  3 dart slugs (D:2)
  4 leopard geckos
  11 orcs
  A ball python (D:2)
  3 giant cockroaches
  5 hobgoblins
  4 jackals (D:3)
  4 bats
  5 frilled lizards
  8 goblins
  A jackal skeleton (D:2)
  4 kobolds
  A quokka skeleton (D:4)
  7 rats
93 creatures vanquished.

Vanquished Creatures (others)
  4 toadstools (D:1)
4 creatures vanquished.

Grand Total: 97 creatures vanquished

Notes
Turn   | Place    | Note
-------+----------+-------------------------------------------
     0 | D:1      | MummyDearest the Hill Orc Berserker began the quest for the
                  | Orb.
     0 | D:1      | Reached XP level 1. HP: 19/19 MP: 1/1
   439 | D:1      | Reached XP level 2. HP: 27/27 MP: 2/2
  1033 | D:2      | Reached XP level 3. HP: 29/34 MP: 3/3
  1328 | D:2      | Reached skill level 5 in Fighting
  1328 | D:2      | Reached XP level 4. HP: 42/42 MP: 4/4
  1359 | D:2      | Reached skill level 5 in Axes
  1578 | D:2      | Reached ** piety under Trog
  1902 | D:2      | Reached XP level 5. HP: 24/48 MP: 5/5
  2205 | D:2      | Reached skill level 1 in Stealth
  2689 | D:3      | Found an ornate altar of the Wu Jian Council.
  2697 | D:3      | Noticed a spectral centipede
  2697 | D:3      | Noticed a spectral black mamba
  2697 | D:3      | Noticed a spectral cane toad
  3920 | D:3      | Found a stormy altar of Qazlal.
  4384 | D:4      | Reached XP level 6. HP: 48/57 MP: 6/6
  4391 | D:4      | Found a snail-covered altar of Cheibriados.
  4654 | D:4      | Reached skill level 6 in Axes
  4713 | D:4      | Found an ancient bone altar of Kikubaaqudgha.
  4957 | D:4      | Found an iron altar of Okawaru.
  5622 | D:4      | Found a staircase to the Ecumenical Temple.
  5827 | D:5      | Entered Level 5 of the Dungeon
  5863 | D:5      | Reached *** piety under Trog
  6072 | D:5      | Reached XP level 7. HP: 50/63 MP: 7/7
  6175 | D:5      | Gained mutation: Your magical capacity is low. (-10% MP)
                  | [potion of mutation]
  6175 | D:5      | Gained mutation: You are covered in fur. (AC +1) [potion of
                  | mutation]
  6183 | D:5      | Reached skill level 7 in Axes
  6626 | D:5      | Found an opulent altar of Gozag.
  6629 | D:5      | Found a glowing silver altar of Zin.
  6946 | D:5      | Found a sacrificial altar of Ru.
  7178 | D:5      | Reached skill level 8 in Axes
  7528 | D:6      | Noticed Pikel
  7529 | D:6      | Noticed Blork the orc
  7672 | D:5      | HP: 2/63 [Pikel/+2 whip of flaming (2)]
  7672 | D:5      | Slain by a lemure

Illustrated notes

Levels and vault maps discovered:
D:1:      ldierk_walled_garden_2, layout_basic
D:2:      layout_rooms, kennysheep_generic_room_11
D:3:      layout_loops_ring, lemuel_doored_altar,
          pdpol_wu_jian_five_deadly_venoms
D:4:      layout_loops_corners, cheibriados_altar_1, lemuel_round_altar,
          general_overflow_altar, minmay_temple_entry_nine_rooms
D:5:      layout_loops_ring, grunt_temple_overflow_gold_and_silver,
          nicolae_ru_the_path_less_chosen, kennysheep_generic_room_10
D:6:      layout_cave_pools, portal_sewer_entry_a,
          minmay_fractal_squares_gapless_5, uniq_pikel, uniq_blork_the_orc

Skill      XL: |  1  2  3  4  5  6  7 |
---------------+----------------------+-----
Fighting       | 4 5 6 |  6.2
Axes           | 5 6 8 |  8.0
Stealth        | 1 |  1.6
Dodging        | 2 |  2.2
Armour         | 3 4 |  4.3

Action                   |  1- 3 |  4- 6 |  7- 9 || total
-------------------------+-------+-------+-------++-------
Melee: Hand axe          |    41 |   266 |   119 ||   426
Throw: Dart              |       |     2 |     1 ||     3
Invok: Berserk           |     2 |     1 |     1 ||     4
  Use: Scroll            |     2 |     1 |     3 ||     6
       Potion            |       |       |     8 ||     8
Armor: Animal skin       |     7 |    19 |       ||    26
       Chain mail        |       |    79 |    63 ||   142
Dodge: Dodged            |    19 |   115 |    46 ||   180
